 Dungeon Crawl Stone Soup version 0.28.0-47-ge53b351184 (webtiles) character file.

Game seed: 3846647726187216638

127737 greasedhog the Peltast (level 17, -9/130 HPs)
             Began as a Formicid Abyssal Knight on May 10, 2022.
             Was a High Priest of Lugonu.
             Killed from afar by a fire dragon (31 damage)
             ... with a blast of flame
             ... on level 6 of the Lair of Beasts on May 11, 2022.
             The game lasted 01:14:40 (26431 turns).

greasedhog the Peltast (Formicid Abyssal Knight)   Turns: 26431, Time: 01:14:40

Health: -9/130     AC: 25    Str: 31    XL:     17   Next: 57%
Magic:  12/24      EV:  8    Int: 11    God:    Lugonu [*****.]
Gold:   1747       SH: 27    Dex: 11    Spells: 16/16 levels left

rFire   . . .      SeeInvis +   a - +3 double sword (holy)
rCold   + + .      Faith    .   Y - +7 tower shield {rC+}
rNeg    . . .      Spirit   .   e - +0 plate armour
rPois   .          Reflect  .   (helmet unavailable)
rElec   .          Harm     .   r - +0 cloak
rCorr   .          Rampage  .   k - +0 pair of gloves
Will    +....                   G - +2 pair of boots {Fly}
Stlth   ..........              x - amulet of Vitality {Regen+ HP+15}
HPRegen 1.11/turn               j - +4 ring of protection
MPRegen 0.19/turn               U - +6 ring of strength

@: lethally poisoned (-9 -> -11), flying, studying Long Blades
A: permanent stasis, dig shafts and tunnels, antennae 3, four strong arms, cold
resistance 1, frail 2, low MP 1
a: Dig, Shaft Self, Renounce Religion, Depart the Abyss, Bend Space, Banish,
Corrupt, Enter the Abyss


You were on level 6 of the Lair of Beasts.
You worshipped Lugonu.
Lugonu was extremely pleased with you.
You visited 2 branches of the dungeon, and saw 21 of its levels.
You visited the Abyss 5 times.
You also visited: Ossuary, Gauntlet and Ice Cave.

You collected 2001 gold pieces.
You spent 254 gold pieces at shops.

Inventory:

Hand Weapons
 a - a +3 double sword of holy wrath (weapon)
 b - a +2 dagger of venom
 c - a +4 scimitar of flaming
Missiles
 g - 7 throwing nets (quivered)
Armour
 e - a +0 plate armour (worn)
 k - a +0 pair of gloves (worn)
 r - a +0 cloak (worn)
 v - a +0 leather armour of willpower
 G - a +2 pair of boots of flying (worn)
 Y - a +7 tower shield of cold resistance (worn)
Jewellery
 j - a +4 ring of protection (left hand)
 p - a +4 ring of protection
 x - the amulet of Vitality (around neck) {Regen+ HP+15}
   (You found it on level 6 of the Dungeon)

   [amulet of regeneration]

   HP:        It affects your health (+15).
   Regen:     It increases your rate of health regeneration.
 C - the necklace of Bloodlust {*Rage Will++ Int-3 Slay+6}
   (You found it on level 13 of the Dungeon)

   [amulet of nothing]

   It extends the wearer's berserk rage when killing foes.
   Int:       It affects your intelligence (-3).
   Slay:      It affects your accuracy & damage with ranged weapons and melee
   (+6).
   *Rage:     It berserks you when you make melee attacks (+50% chance).
   Will:      It greatly increases your willpower.
 K - a +4 ring of protection
 U - a +6 ring of strength (right hand)
Wands
 n - a wand of digging (6)
 E - a wand of paralysis (7)
 H - a wand of iceblast (19)
 M - a wand of acid (10)
 O - a wand of charming (2)
 S - a wand of flame (28)
 Z - a wand of polymorph (12)
Scrolls
 f - 3 scrolls of blinking {unknown}
 q - 6 scrolls of fog
 s - 5 scrolls of immolation
 u - 3 scrolls of noise {unknown}
 y - 2 scrolls of identify
 z - 9 scrolls of fear
 A - 6 scrolls of magic mapping
 D - 3 scrolls of vulnerability {unknown}
 F - 3 scrolls of enchant weapon
 I - 4 scrolls of silence {unknown}
 L - 2 scrolls of holy word {unknown}
 N - 3 scrolls of summoning {unknown}
 P - 4 scrolls of amnesia
 V - 3 scrolls of torment {unknown}
Potions
 d - 3 potions of lignification
 h - 4 potions of curing
 i - 2 potions of resistance {unknown}
 l - 2 potions of cancellation {unknown}
 m - 3 potions of might
 o - a potion of magic {unknown}
 t - 4 potions of brilliance {unknown}
 B - a potion of heal wounds
 J - 2 potions of flight {unknown}
 Q - 2 potions of attraction {unknown}
 T - 2 potions of mutation {unknown}
Miscellaneous
 w - a piece from Xom's chessboard (15/15)


   Skills:
 * Level 16.0 Fighting
 - Level 2.0(11.3) Short Blades
 - Level 17.0(17.1) Long Blades
 - Level 0.2 Throwing
 - Level 10.2 Armour
 - Level 2.0 Dodging
 * Level 20.0 Shields
 - Level 13.7 Invocations


You had 16 spell levels left.
You didn't know any spells.
Your spell library contained the following spells:

 Spells                   Type           Power      Damage    Failure   Level
 Magic Dart               Conj           0%         1d3       99%         1
 Slow                     Hex            0%         N/A       99%         1
 Call Imp                 Summ           0%         N/A       99%         2
 Corpse Rot               Necr/Air       0%         N/A       99%         2
 Confusing Touch          Hex            0%         N/A       100%        3
 Dazzling Flash           Conj/Hex       0%         N/A       100%        3
 Frozen Ramparts          Ice            0%         1d2       100%        3
 Gell's Gravitas          Tloc           0%         N/A       100%        3
 Lesser Beckoning         Tloc           0%         N/A       100%        3
 Mephitic Cloud           Conj/Pois/Air  0%         N/A       100%        3
 Teleport Other           Tloc           0%         N/A       100%        3
 Vampiric Draining        Necr           0%         2d6       100%        3
 Ice Form                 Ice/Tmut       0%         N/A       100%        4
 Iskenderun's Mystic Bla  Conj/Tloc      0%         2d3       100%        4
 Summon Ice Beast         Ice/Summ       0%         N/A       100%        4
 Starburst                Conj/Fire      0%         6d3       100%        6
 Storm Form               Tmut/Air       0%         N/A       100%        7


Dungeon Overview and Level Annotations

Branches:
Dungeon (15/15)            Temple (0/1) D:4            Lair (6/6) D:9
 Shoals (0/4) Lair:4       Spider (0/4) Lair:4        Slime (0/5) Lair:6
    Orc (0/2) D:12         Vaults (0/5) D:14         Depths (0/4) D:15
Ossuary (visited)           IceCv (visited)         Gauntlet (visited)

Altars:
Cheibriados
Dithmenos
Makhleb
Qazlal
Ru
Sif Muna
Trog
Uskayaw
Wu Jian
Xom
Zin
The Shining One
Jiyva

Shops:
D:6 ?   D:8 ?**:   D:10 *   D:13 :*

Portals:
Volcano: Lair:1

Annotations:
Abyss:1 Rupert


Innate Abilities, Weirdness & Mutations

You cannot be hasted, slowed, berserked, paralysed or teleported.
You can dig through walls and to a lower floor.
You have a pair of large antennae on your head. (SInv)
Your four strong arms can wield two-handed weapons with a shield.
Your flesh is cold resistant. (rC+)
You are very frail. (-20% HP)
Your magical capacity is low. (-10% MP)


Message History

Lugonu is no longer ready to corrupt your weapon.
* * * LOW HITPOINT WARNING * * *
You feel extremely sick.
Okay, then.
You feel better.
You feel much better.
You slash the white ugly thing!
The white ugly thing is moderately wounded.
You slice the white ugly thing!!
The white ugly thing is severely wounded.
You block the white ugly thing's attack.
You slice the white ugly thing!!
You kill the white ugly thing!
That felt strangely unrewarding.
You start resting.
A black draconian comes into view. It is wielding a +0 battleaxe.
The black draconian roars!
The black draconian breathes lightning at you.
The bolt of lightning hits you!!
* * * LOW HITPOINT WARNING * * *
The tree burns like a torch!
The forest fire spreads!
Space bends sharply around you!
You blink.
The forest fire spreads!
The black draconian breathes lightning at you.
The bolt of lightning hits you!!
* * * LOW HITPOINT WARNING * * *
You feel much better.
The frost giant shouts!
The frost giant casts a spell at you. The bolt of cold hits you!! You resist.
* * * LOW HITPOINT WARNING * * *
You pass through the gate.
Welcome back to the Lair of Beasts!
Beware, you cannot shaft yourself on this level.
The swamp dragon breathes poison at you.
The blast of poison engulfs you.
You are poisoned.
* * * LOW HITPOINT WARNING * * *
The fire dragon breathes flames at you. The blast of flame hits you!!
You die...

.###.........#.#♣.....♣♣♣≈..♣.
..............##♣♣..♣♣♣.♣≈.≈≈≈
...#.P...[.P..# ♣.♣..†.≈..♣♣♣
.#..##........# ♣♣♣..)≈≈.♣♣
.####....#.#..# ♣♣....≈≈P♣♣ {
..# ##........#♣♣..≈♣.≈♣♣♣
##.# ##.......#♣P†.≈♣≈♣♣ ♣ $ #
## ........ ♣§○§♣♣♣♣♣.♣$. .
.... ♣@§☼♣.♣.≈.P.≈ .
♣D☼≈P♣.≈≈.≈≈≈ . ♣.☼§≈.†≈≈≈≈≈≈
♣...≈≈≈≈≈≈≈≈. ♣♣...≈≈≈≈≈≈≈.
♣♣♣.D.≈..≈.♣ ♣♣♣♣♣♣♣♣♣♣


You could see a fire dragon (catching breath) and a swamp dragon (catching
breath).

Vanquished Creatures
  A tentacled starspawn (Abyss:2)
  A stone giant (D:15)
  Nessos (Lair:4)
  A dire elephant (Lair:6)
  Snorg (D:11)
  The ghost of Xuta the Peltast, a journeyman FoFi of Okawaru (D:13)
  12 hydras
  Erolcha (D:10)
  Harold (D:11)
  An ogre mage (D:15)
  An ironbound frostheart (IceCv)
  A boulder beetle (D:13)
  17 two-headed ogres
  A death knight (D:12)
  3 centaur warriors
  4 death yaks (Lair:4)
  2 thrashing horrors (Abyss:2)
  Urug (D:13)
  3 sixfirhies
  A wretched star (Abyss:3)
  A skeletal warrior (D:12)
  A spriggan simulacrum (Abyss:2)
  3 lindwurms (Lair:3)
  An orange crystal statue (IceCv)
  3 wizards (D:14)
  A phantasmal warrior (D:12)
  2 deep elf pyromancers (D:15)
  37 ugly things
  7 cyclopes
  A manticore (Lair:5)
  15 elephants
  2 large abominations
  6 black mambas
  Maurice (D:8)
  A gargoyle (D:13)
  The ghost of Holdthepickle the Covered, a novice DsFi (D:4)
  11 komodo dragons
  2 kobold demonologists
  28 rime drakes
  8 cane toads
  A tengu conjurer (Gauntlet)
  3 freezing wraiths
  2 efreet (D:15)
  A harpy zombie (Abyss:2)
  A queen bee (shapeshifter) (D:14)
  3 trolls
  A meliai (shapeshifter) (D:14)
  26 polar bears
  A wolf spider simulacrum (D:14)
  3 hornets
  4 raiju
  8 slime creatures
  Prince Ribbit (D:5)
  13 blink frogs
  A dream sheep (Lair:6)
  3 centaur simulacra (D:14)
  3 culicivoras (Lair:4)
  5 shadows
  4 wraiths
  2 ynoxinuls (Abyss:2)
  9 wyverns
  2 water elementals
  Eustachio (D:4)
  55 yaks
  A basilisk (shapeshifter) (D:15)
  13 basilisks
  2 fire elementals (Abyss:3)
  A redback (Lair:4)
  A chaos spawn (Abyss:2)
  7 steam dragons
  2 neqoxecs (Abyss:2)
  9 vampire mosquitoes
  A redback simulacrum (D:14)
  7 wargs
  5 acid dragons
  9 water moccasins
  15 hell hounds
  6 orc warriors
  A hornet zombie (D:8)
  12 black bears
  An ice beast (D:14)
  A necrophage (D:8)
  42 wolves
  11 centaurs
  A boggart (Gauntlet)
  4 elf zombies (Ossuary)
  3 kobold brigands
  10 bullfrogs
  6 scorpions
  11 killer bees
  A howler monkey (D:11)
  A bullfrog zombie (D:5)
  11 centaur zombies
  6 hounds
  A quasit (Abyss:2)
  A jelly (D:6)
  3 centaur skeletons
  A human zombie (Ossuary)
  9 orc priests
  4 small abominations (Abyss:2)
  A gnoll shaman (D:8)
  12 orc wizards
  6 iguanas
  10 hell rats (Lair:5)
  3 killer bee zombies
  3 hound skeletons (D:4)
  3 mummies (Ossuary)
  A howler monkey zombie (D:6)
  Robin (D:1)
  13 gnolls
  5 adders
  A shadow imp (D:8)
  4 white imps
  3 ufetubi
  2 worms
  3 dart slugs
  52 orcs
  3 bats
  3 endoplasms
  2 giant cockroaches
  16 goblins
  9 hobgoblins
  6 jackals
  3 quokkas
  7 ball pythons
  6 frilled lizards
  19 kobolds
  9 rats
766 creatures vanquished.

Vanquished Creatures (others)
  A polar bear (D:14)
  A water elemental (Abyss:3)
  A spriggan (D:14)
  A wolf (Lair:6)
  A wight (D:8)
  An orc wizard (D:10)
  20 fungi
  A lurking horror (Abyss:3)
  34 plants
  3 starspawn tentacles (Abyss:2)
64 creatures vanquished.

Grand Total: 830 creatures vanquished

Notes
Turn   | Place    | Note
-------+----------+-------------------------------------------
     0 | Abyss:1  | greasedhog the Formicid Abyssal Knight began the quest for
                  | the Orb.
     0 | Abyss:1  | Reached XP level 1. HP: 18/18 MP: 2/2
    29 | Abyss:1  | Found a corrupted altar of Lugonu.
    78 | D:1      | Escaped the Abyss
    88 | D:1      | Reached skill level 1 in Dodging
   243 | D:1      | Reached skill level 1 in Long Blades
   243 | D:1      | Reached XP level 2. HP: 24/24 MP: 3/3
   624 | D:1      | Reached ** piety under Lugonu
   633 | D:1      | Reached XP level 3. HP: 20/29 MP: 2/4
   910 | D:1      | Found a faded altar of an unknown god.
  1197 | D:2      | Noticed Robin
  1636 | D:1      | Reached XP level 4. HP: 32/35 MP: 5/5
  2250 | D:1      | Killed Robin
  2688 | D:3      | Reached XP level 5. HP: 41/41 MP: 7/7
  2823 | D:3      | Reached *** piety under Lugonu
  3639 | D:2      | Reached XP level 6. HP: 20/47 MP: 5/9
  4828 | D:4      | Reached skill level 5 in Invocations
  4839 | D:4      | Found a staircase to the Ecumenical Temple.
  4841 | D:4      | Noticed a black bear
  4864 | D:4      | Killed a black bear
  4865 | D:4      | Reached XP level 7. HP: 41/52 MP: 6/11
  4944 | D:4      | Noticed Eustachio
  4997 | D:4      | Killed Eustachio
  4998 | D:4      | Reached skill level 5 in Long Blades
  5174 | D:4      | Found a runed translucent door.
  5174 | D:4      | Noticed Holdthepickle's ghost (novice DsFi)
  5756 | D:5      | Entered Level 5 of the Dungeon
  5762 | D:5      | Reached XP level 8. HP: 58/58 MP: 12/12
  6472 | D:5      | Reached **** piety under Lugonu
  6512 | D:5      | Noticed Prince Ribbit
  6535 | D:5      | Killed Prince Ribbit
  6903 | D:5      | Found a hide-covered altar of Uskayaw.
  6908 | D:5      | Found a burning altar of Makhleb.
  6911 | D:5      | Found a shadowy altar of Dithmenos.
  6911 | D:5      | Found a glowing silver altar of Zin.
  6918 | D:5      | Found a shimmering altar of Xom.
  7037 | D:5      | Found a sacrificial altar of Ru.
  7377 | D:5      | Found a glowing golden altar of the Shining One.
  7517 | D:6      | Found a sand-covered staircase.
  7549 | Ossuary  | Entered an ossuary
  7569 | Ossuary  | Reached XP level 9. HP: 64/64 MP: 14/14
  8024 | D:6      | Found the amulet of Vitality {Regen+ HP+15}
  8239 | D:6      | Found Beatag Iming's Magic Scroll Shop.
  8242 | D:6      | Bought a scroll of enchant armour for 82 gold pieces
  8242 | D:6      | Bought a scroll of enchant armour for 82 gold pieces
  8671 | D:7      | Reached skill level 10 in Long Blades
  9065 | D:8      | Reached XP level 10. HP: 25/70 MP: 16/16
  9317 | D:8      | Found Ufroceloy's Magic Scroll Emporium.
  9320 | D:8      | Found Xicw's General Store.
  9320 | D:8      | Found Esuihuh's Assorted Antiques.
  9321 | D:8      | Found Dileh's Book Emporium.
  9339 | D:8      | Bought a scroll of identify for 24 gold pieces
  9339 | D:8      | Bought a scroll of identify for 24 gold pieces
  9339 | D:8      | Bought a scroll of fear for 42 gold pieces
  9340 | D:8      | Identified 3 scrolls of acquirement
  9342 | D:8      | Acquired a +3 double sword of holy wrath
  9343 | D:8      | Acquired a manual of Long Blades
  9344 | D:8      | Acquired a +2 pair of boots of flying
  9395 | D:8      | Noticed a two-headed ogre
  9407 | D:8      | Killed a two-headed ogre
  9450 | D:8      | Noticed Maurice
  9480 | D:8      | Killed Maurice
  9541 | D:8      | Noticed Joseph
  9555 | D:8      | Banished Joseph
 10613 | D:8      | Reached XP level 11. HP: 75/75 MP: 18/18
 10676 | D:9      | Reached skill level 15 in Long Blades
 10896 | D:9      | Found a staircase to the Lair.
 10974 | D:9      | Noticed a two-headed ogre
 10994 | D:9      | Killed a two-headed ogre
 10995 | D:9      | Reached skill level 10 in Invocations
 11384 | D:9      | Reached ***** piety under Lugonu
 11663 | D:9      | Found a snail-covered altar of Cheibriados.
 11669 | D:9      | Found an ornate altar of the Wu Jian Council.
 11672 | D:9      | Found a shimmering blue altar of Sif Muna.
 11738 | D:9      | Noticed a deep elf pyromancer
 11783 | D:9      | You are sucked into a shaft and drop 1 floor!
 11783 | D:10     | Entered Level 10 of the Dungeon
 11783 | D:10     | Noticed Erolcha
 11800 | D:10     | Cast into level 1 of the Abyss (Erolcha)
 11880 | D:10     | Escaped the Abyss
 11893 | D:10     | Killed Erolcha
 11894 | D:10     | Reached skill level 5 in Fighting
 11998 | D:10     | Reached XP level 12. HP: 87/87 MP: 20/20
 12115 | D:10     | Found Hostroityh's Serpentskin Sales.
 12495 | D:11     | Noticed Harold
 12515 | D:11     | Killed Harold
 12560 | D:11     | Found a gate leading to a gauntlet.
 12566 | D:11     | Noticed a two-headed ogre
 12577 | D:11     | Killed a two-headed ogre
 12596 | Gauntlet | Entered a Gauntlet
 12596 | Gauntlet | Found a transporter.
 12596 | Gauntlet | Found a transporter.
 12609 | Gauntlet | Found a transporter.
 12622 | Gauntlet | Found a transporter.
 12628 | Gauntlet | Noticed a tengu warrior
 12630 | Gauntlet | Found a transporter.
 12634 | Gauntlet | Found a transporter.
 12636 | Gauntlet | Noticed a sixfirhy
 12639 | Gauntlet | Noticed a sixfirhy
 12647 | Gauntlet | Noticed a sixfirhy
 12650 | Gauntlet | Found a transporter.
 12659 | Gauntlet | Found a runed translucent door.
 12662 | Gauntlet | Found a transporter.
 12664 | Gauntlet | Found a runed translucent door.
 12679 | Gauntlet | Found a transporter.
 12683 | Gauntlet | Found a transporter.
 12691 | Gauntlet | Found a transporter.
 12695 | Gauntlet | Found a transporter.
 12867 | Gauntlet | Banished a tengu warrior
 12907 | Gauntlet | Banished a sixfirhy
 12908 | Gauntlet | Killed a sixfirhy
 12909 | Gauntlet | Reached skill level 1 in Shields
 12924 | Gauntlet | Killed a sixfirhy
 12948 | Gauntlet | Identified the +4 hat of the Leaf {rF+ Will+ Dex-2}
 12973 | Gauntlet | Noticed a minotaur
 12974 | Gauntlet | Banished a minotaur
 12978 | Gauntlet | Identified the +2 helmet of Iluipt {+Inv Slay+2}
 12979 | Gauntlet | Got the Incunabulum of Feathers and Arcane Weapons
 13276 | D:11     | Noticed Snorg
 13299 | D:11     | Killed Snorg
 13300 | D:11     | Reached skill level 2 in Shields
 13386 | D:11     | You are sucked into a shaft and drop 1 floor!
 13436 | D:12     | Reached skill level 10 in Fighting
 13818 | D:11     | Reached XP level 13. HP: 103/103 MP: 22/22
 13855 | D:11     | Found a bloodstained altar of Trog.
 14040 | D:11     | Reached skill level 3 in Shields
 14375 | D:12     | Gained mutation: Your flesh is cold resistant. (rC+) [a
                  | neqoxec]
 14392 | D:12     | Gained mutation: You are frail. (-10% HP) [a neqoxec]
 14480 | D:12     | Noticed a six-headed hydra
 14495 | D:12     | Killed a one-headed hydra
 14522 | D:12     | Noticed a five-headed hydra
 14536 | D:12     | Killed a one-headed hydra
 14749 | D:12     | Found a staircase to the Orcish Mines.
 14767 | D:12     | Reached skill level 4 in Shields
 14968 | D:12     | Reached skill level 5 in Armour
 15038 | D:12     | You are sucked into a shaft and drop 3 floors!
 15038 | D:15     | Entered Level 15 of the Dungeon
 15149 | D:15     | Reached skill level 5 in Shields
 15424 | D:15     | Noticed a centaur warrior
 15441 | D:15     | Killed a centaur warrior
 15442 | D:15     | Reached skill level 6 in Shields
 15655 | D:15     | Found a staircase to the Depths.
 15655 | D:15     | Noticed a stone giant
 15701 | D:13     | Found Viucaul's Book Shoppe.
 16004 | D:14     | Found a frozen archway.
 16004 | D:14     | Noticed a five-headed hydra
 16055 | D:14     | Reached skill level 7 in Shields
 16074 | D:14     | Killed a one-headed hydra
 16089 | D:14     | Reached XP level 14. HP: 83/99 MP: 21/24
 16198 | D:14     | Noticed a white very ugly thing
 16229 | D:14     | Banished a white very ugly thing
 16278 | IceCv    | Entered an ice cave
 16289 | IceCv    | Reached skill level 10 in Armour
 16289 | IceCv    | Reached skill level 8 in Shields
 16615 | IceCv    | Reached skill level 9 in Shields
 16658 | IceCv    | Identified the +5 barding "Vuam" {Will- Dex+8}
 16668 | IceCv    | Noticed a frost giant
 16679 | IceCv    | Banished a frost giant
 16694 | IceCv    | Reached skill level 10 in Shields
 16976 | IceCv    | Noticed a frost giant
 16977 | IceCv    | Banished a frost giant
 17240 | IceCv    | Reached skill level 11 in Shields
 17258 | IceCv    | Noticed a white draconian
 17260 | IceCv    | Banished a white draconian
 17496 | IceCv    | Reached XP level 15. HP: 108/108 MP: 25/25
 17499 | IceCv    | Reached skill level 12 in Shields
 17835 | D:14     | Found a gate to the Vaults.
 17839 | D:14     | Identified the +1 leather armour "Adodoh" {Str+3}
 17979 | D:14     | Cast into level 3 of the Abyss (a wizard)
 18125 | Abyss:3  | Noticed a profane servitor
 18134 | D:14     | Escaped the Abyss
 18250 | D:14     | Cast into level 2 of the Abyss (a wizard)
 18252 | Abyss:2  | Found a corrupted altar of Lugonu.
 18273 | Abyss:2  | Found a corrupted altar of Lugonu.
 18283 | Abyss:2  | Found a corrupted altar of Lugonu.
 18293 | Abyss:2  | Noticed a tentacled starspawn
 18306 | Abyss:2  | Killed a tentacled starspawn
 18323 | Abyss:2  | Found a hide-covered altar of Uskayaw.
 18365 | Abyss:2  | Gained mutation: You are very frail. (-20% HP) [a neqoxec]
 18510 | Abyss:2  | Gained mutation: Your magical capacity is low. (-10% MP) [a
                  | neqoxec]
 18522 | Abyss:2  | Noticed a Hell Sentinel
 18526 | D:14     | Escaped the Abyss
 18549 | D:14     | Reached skill level 13 in Shields
 18993 | D:15     | Killed a stone giant
 19056 | D:15     | Reached skill level 14 in Shields
 19324 | D:15     | Found a stormy altar of Qazlal.
 19717 | D:13     | Noticed Urug
 19728 | D:13     | Killed Urug
 19863 | D:13     | Noticed Rupert
 19864 | D:13     | Banished Rupert
 20075 | D:13     | Found a transporter.
 20076 | D:13     | Noticed Xuta's ghost (journeyman FoFi)
 20076 | D:13     | Found the necklace of Bloodlust {*Rage Will++ Int-3 Slay+6}
 20077 | D:13     | Found a transporter.
 20077 | D:13     | Identified the +9 giant club "Qejydwea" {flame, rF++ rC+
                  | Dex-5}
 20130 | D:13     | Reached skill level 15 in Shields
 20149 | D:13     | Killed Xuta's ghost
 20167 | D:13     | Reached XP level 16. HP: 102/105 MP: 23/23
 20279 | D:13     | Found Izximuv's Assorted Antiques.
 20877 | D:4      | Killed Holdthepickle's ghost
 21030 | Lair:1   | Entered Level 1 of the Lair of Beasts
 21277 | Lair:1   | Reached skill level 16 in Shields
 21340 | Lair:1   | Found a dark tunnel.
 21666 | Lair:1   | Identified the +1 robe of Huwamipp {+Blink rPois Int-3
                  | Dex+5}
 22414 | Lair:2   | Reached skill level 17 in Shields
 23483 | Lair:4   | Noticed Nessos
 23500 | Lair:4   | Killed Nessos
 23641 | Lair:4   | Found a staircase to the Shoals.
 23840 | Lair:4   | Reached skill level 18 in Shields
 23878 | Lair:4   | Reached skill level 15 in Fighting
 23896 | Lair:4   | Found a hole to the Spider Nest.
 24602 | Lair:5   | Reached XP level 17. HP: 110/113 MP: 24/24
 24634 | Lair:5   | Reached ****** piety under Lugonu
 25349 | Lair:6   | Entered Level 6 of the Lair of Beasts
 25428 | Lair:6   | Found a viscous altar of Jiyva.
 25429 | Lair:6   | Found a staircase to the Slime Pits.
 25488 | Lair:6   | Reached skill level 19 in Shields
 26402 | Lair:6   | Reached skill level 20 in Shields
 26410 | Abyss:1  | HP: 5/130 [poisoned by a swamp dragon (poison gas)]
 26431 | Lair:6   | Escaped the Abyss
 26431 | Lair:6   | Killed from afar by a fire dragon

Illustrated notes

Levels and vault maps discovered:
D:1:      eino_arrival_water_star, layout_loops_ring,
          ebering_ecumenical_altar_box
D:2:      layout_loops_cross, uniq_robin
D:3:      layout_basic, grunt_ministairs_3, nrook_mini_backslash,
          kennysheep_small_spiral, small_statue_intersection,
          minmay_splitting_lines
D:4:      layout_basic, minmay_temple_entry_drinking_statues,
          gammafunk_ghost_grave, cheibrodos_gnoll_hut, uniq_eustachio
D:5:      layout_basic, nicolae_overflow_hallway_of_the_gods,
          nicolae_ru_the_path_less_chosen, kennysheep_mini, uniq_prince_ribbit1
D:6:      layout_gridville, nicolae_ossuary_entry_false_entrances, serial_shops,
          shop
D:7:      layout_rooms
D:8:      layout_layer_cave, minmay_shop_grid_forest, minmay_bent, uniq_maurice,
          uniq_joseph
D:9:      wad_guarded_room, layout_long_grid, minmay_overflow_temple_star_quad,
          erik_lair_orcish_takeover, serial_glass, glass_columns_a,
          glass_columns_c
D:10:     layout_rooms, guppyfry_shop_venom, uniq_erolcha
D:11:     layout_basic, gauntlet_entry_generic, trog_butcher_becter,
          uniq_harold, uniq_snorg
D:12:     layout_basic, hiddenorc2_lemuel, small_statue_intersection,
          chequers_serial_rivers_micro_b
D:13:     layout_gridville, serial_shops, nicolae_stop_n_shop_2, shop,
          gammafunk_ghost_smash, uniq_urug, uniq_rupert
D:14:     dreamdust_experimentation, layout_gridville, david_vaults_5,
          hangedman_decor_diamond_cutter, serial_ice, serial_ice_i,
          serial_ice_n, serial_ice_f, serial_ice_a, serial_ice_c, serial_ice_d,
          portal_ice_cave_entry_ugly_swarm
D:15:     grunt_enter_depths_giant_problem, layout_gridville,
          nicolae_qazlal_eye_of_the_storm
Lair:1:   layout_misc_corridors, nicolae_volcano_entry_s_turn,
          lemuel_fruit_tree, infiniplex_staircase_pool_2, lemuel_fruit_fields
Lair:2:   layout_loops_ring, minmay_shattered_shrine, grunt_megastairs_3
Lair:3:   layout_chaotic_city, minmay_lindwurm_lava
Lair:4:   layout_roguey, minmay_shoals_entry_centaurs,
          spider_nest_entry_funnel_web, st_stairs_5, uniq_nessos
Lair:5:   layout_roguey [special_room_mythical_zoo], grunt_megastairs_4
Lair:6:   hangedman_lair_caniforms_friends, layout_loops_ring,
          guppyfry_lair_end_dragon, dpeg_slime_entry_enclosed_altar,
          basic_altar, minivault_19

Skill      XL: |  1  2  3  4  5  6  7  8  9 10 11 12 13 14 15 16 17 |
---------------+----------------------------------------------------+-----
Dodging        | 1 2 |  2.0
Long Blades    | 1 2 3 4 5 8 10 14 17 | 17.0
Invocations    | 3 4 5 6 7 8 9 11 12 13 | 13.7
Fighting       | 5 10 11 13 15 16 | 16.0
Shields        | 2 7 11 15 18 20 | 20.0
Armour         | 9 10 | 10.2
Short Blades   | |  2.0
Throwing       | |  0.2

Action                   |  1- 3 |  4- 6 |  7- 9 | 10-12 | 13-15 | 16-18 || total
-------------------------+-------+-------+-------+-------+-------+-------++-------
Melee: Short sword       |    99 |   115 |       |       |       |       ||   214
       Punch             |     2 |     1 |    11 |     6 |       |       ||    20
       Dagger            |       |   138 |   174 |   177 |    60 |       ||   549
       Falchion          |       |       |   286 |    32 |    21 |       ||   339
       Double sword      |       |       |       |   385 |  1041 |  1024 ||  2450
       Scimitar          |       |       |       |       |     9 |    54 ||    63
Throw: Throwing net      |       |       |     1 |     2 |       |       ||     3
Invok: Banish            |       |       |       |     8 |    18 |     3 ||    29
       Depart the Abyss  |       |       |       |     1 |     2 |     1 ||     4
       Bend Space        |       |       |       |     4 |       |     1 ||     5
       Enter the Abyss   |       |       |       |       |       |     1 ||     1
 Abil: Shaft Self        |       |       |       |     1 |     1 |       ||     2
       Dig               |       |       |       |       |     4 |       ||     4
  Use: Scroll            |       |     4 |     2 |     8 |     6 |     2 ||    22
       Potion            |       |       |       |     2 |     1 |     3 ||     6
 Stab: Held in net/web   |       |       |     2 |       |       |       ||     2
       Invisible         |       |       |       |       |     6 |       ||     6
       Distracted        |       |       |       |       |       |     1 ||     1
Armor: Leather armour    |    25 |    71 |       |       |       |       ||    96
       Scale mail        |       |    37 |   227 |    58 |   101 |       ||   423
       Chain mail        |       |       |       |    63 |       |       ||    63
       Plate armour      |       |       |       |   155 |   297 |   408 ||   860
       Ring mail         |       |       |       |       |    12 |       ||    12
Dodge: Dodged            |    38 |   141 |   285 |   289 |   358 |   167 ||  1278
Block: Buckler           |       |       |       |    10 |    96 |       ||   106
       Tower shield      |       |       |       |       |   499 |  1392 ||  1891
